 Dungeon Crawl Stone Soup version 0.29.0-4-gdea44cf6ec (webtiles) character file.

Game seed: 10736000466929328922

26142 qw the Brawler (level 12, -5/118 HPs)
             Began as a Troll Cinder Acolyte on Sept 1, 2022.
             Was an Initiate of Ignis.
             Slain by a 13-headed hydra (10 damage)
             ... on level 4 of the Lair of Beasts.
             The game lasted 00:06:02 (10468 turns).

qw the Brawler (Troll Cinder Acolyte)              Turns: 10468, Time: 00:06:03

Health: -5/118     AC: 22    Str: 29    XL:     12   Next: 95%
Magic:  12/12      EV: 12    Int: 10    God:    Ignis [......]
Gold:   1188       SH:  0    Dex:  9    Spells: 13/13 levels left

rFire   + + .      SeeInvis .     - Unarmed
rCold   + . .      Faith    .   (no shield)
rNeg    . . .      Spirit   .   h - +3 gold dragon scales
rPois   +          Reflect  .   p - +2 hat
rElec   .          Harm     .   (no cloak)
rCorr   .          Rampage  .   (gloves unavailable)
Will    .....                   (boots unavailable)
Stlth   ..........              (no amulet)
HPRegen 1.09/turn               a - ring of the Hare {EV+8}
MPRegen 0.13/turn               r - +6 ring of dexterity

@: about to teleport
A: large, unfitting armour, claws 3, regeneration 1, shaggy fur 1, tough skin 1,
clumsy 1
a: Renounce Religion, Rising Flame


You were on level 4 of the Lair of Beasts.
You worshipped Ignis.
Ignis was noncommittal.
You visited 2 branches of the dungeon, and saw 14 of its levels.
You also visited: Gauntlet.

You collected 1325 gold pieces.
You spent 137 gold pieces at shops.


Innate Abilities, Weirdness & Mutations

You are too large for most types of armour.
You have claws for hands.
Your natural rate of healing is unusually fast.
You are covered in fur. (AC +1)
You have tough skin. (AC +1)
You are clumsy. (Dex -2)


   Skills:
 - Level 7.0 Fighting
 - Level 5.0 Throwing
 - Level 7.0 Armour
 - Level 2.1 Dodging
 + Level 17.7 Unarmed Combat
 - Level 1.0 Spellcasting
 - Level 2.1 Fire Magic


You had 13 spell levels left.
You didn't know any spells.
Your spell library contained the following spells:

 Spells                   Type           Power      Damage    Failure   Level
 Scorch                   Fire           8%         2d5       100%        2

Inventory:

Missiles
 g - 6 javelins (quivered)
Armour
 h - +3 gold dragon scales (worn)
 p - a +2 hat (worn)
Jewellery
 a - the ring of the Hare (left claw) {EV+8}
   (You found it in a Gauntlet)

   [ring of evasion]

   EV:        It affects your evasion (+8).
 e - an amulet of reflection
 o - a ring of poison resistance
 r - a +6 ring of dexterity (right claw)
 Y - a +4 ring of protection
Scrolls
 b - a scroll of brand weapon
 j - 4 scrolls of teleportation
 q - 7 scrolls of identify
Potions
 c - 2 potions of heal wounds
 d - 5 potions of curing
 f - 2 potions of mutation
 i - 5 potions of haste
 m - a potion of resistance
 n - a potion of might

Dungeon Overview and Level Annotations

Branches:
Dungeon (11/15)            Temple (0/1) D:4            Lair (2/5) D:11
    Orc (0/2) D:9         Gauntlet (visited)
  Swamp: Lair:2-3    Shoals: Lair:2-3     Snake: Lair:2-3    Spider: Lair:2-3

Altars:
Dithmenos
Hepliaklqana
Qazlal
Ru
Uskayaw
Wu Jian
Yredelemnul
Zin

Shops:
D:2 *=   D:8 *


Message History

You feel yourself speed up. The death yak closely misses you.
You scratch the death yak.
The death yak is almost dead.
Being near the torpor snail leaves you feeling lethargic.
A yak comes into view.
The death yak gores you but does no damage.
The yak bellows!
You mangle the death yak!!
You kill the death yak!
You claw one of the 12-headed hydra's heads off!
The 11-headed hydra grows two more!
You mangle the 13-headed hydra!!
The 13-headed hydra is severely wounded.
The 13-headed hydra closely misses you. The 13-headed hydra bites you.
The 13-headed hydra closely misses you. The 13-headed hydra barely misses you.
The 13-headed hydra bites you.
The 13-headed hydra bites you but does no damage.
The 13-headed hydra completely misses you.
The 13-headed hydra bites you. x5
The 13-headed hydra bites you but does no damage.
You barely miss the 13-headed hydra.
The 13-headed hydra is severely wounded.
You feel yourself speed up. The 13-headed hydra misses you.
The 13-headed hydra bites you.
The 13-headed hydra bites you but does no damage. x2
The 13-headed hydra barely misses you. x2; The 13-headed hydra bites you!
The 13-headed hydra bites you but does no damage. x2
The 13-headed hydra bites you!
The 13-headed hydra bites you but does no damage.
The 13-headed hydra bites you!
The 13-headed hydra bites you but does no damage.
10468 ||| READING 5 scrolls of teleportation.
As you read the scroll of teleportation, it crumbles to dust.
You feel strangely unstable.
The 13-headed hydra bites you but does no damage.
The 13-headed hydra closely misses you.
The 13-headed hydra bites you but does no damage.
The 13-headed hydra closely misses you. The 13-headed hydra bites you. x2
The 13-headed hydra bites you!
You die...

.. ###### ....
##DS..##...?.
#@#F.........
#.#..........
Y#...#......#
......#.#F.#.#
......#.##...#
. Y....####
...# .#####
..## Y. .Y#


You could see a 13-headed hydra, a black mamba and 3 yaks.

Vanquished Creatures
  Gastronok (D:9)
  A minotaur (Gauntlet)
  A hydra (D:11)
  A centaur warrior (D:10)
  A two-headed ogre (D:10)
  A hell hog (Gauntlet)
  4 death yaks
  A fire crab (Gauntlet)
  A manticore (D:10)
  Joseph (D:9)
  A gargoyle (D:11)
  5 cane toads
  An unseen horror (D:10)
  2 rime drakes (Lair:1)
  3 komodo dragons (Lair:1)
  An ice devil (Gauntlet)
  3 trolls
  A polar bear (Lair:1)
  Prince Ribbit (Lair:2)
  A hornet (D:9)
  13 blink frogs
  A vampire (D:11)
  A shadow (D:9)
  10 spriggans (Lair:1)
  5 fire bats (Gauntlet)
  3 wraiths
  A wyvern (Lair:1)
  15 yaks
  5 basilisks
  Grum (D:9)
  2 vampire mosquitoes (D:10)
  5 water moccasins
  2 acid dragons (D:10)
  A hell hound (Gauntlet)
  A sky beast (D:6)
  2 orc warriors
  2 black bears (D:7)
  4 ice beasts
  5 wolves
  A phantom (D:4)
  3 ogres
  5 centaurs
  A kobold brigand (D:9)
  9 bullfrogs
  4 scorpions
  A necrophage (D:7)
  3 wights (D:8)
  6 killer bees (D:6)
  6 howler monkeys
  3 orc priests
  3 hounds
  2 jellies (D:5)
  4 iguanas
  6 orc wizards
  A hell rat (D:11)
  3 gnolls (D:3)
  10 adders
  4 white imps
  An ufetubus (D:5)
  4 dart slugs
  16 orcs
  2 endoplasms
  3 giant cockroaches
  8 goblins
  5 hobgoblins
  2 jackals (D:2)
  3 quokkas
  10 ball pythons
  11 bats
  5 frilled lizards
  12 kobolds
  7 rats
275 creatures vanquished.

Vanquished Creatures (others)
  15 fungi
  2 plants
17 creatures vanquished.

Grand Total: 292 creatures vanquished

Notes
Turn   | Place    | Note
-------+----------+-------------------------------------------
     0 | D:1      | qw the Troll Cinder Acolyte began the quest for the Orb.
     0 | D:1      | Reached XP level 1. HP: 22/22 MP: 1/1
     0 | D:1      | 0 ||| qw: Version: 0.1-a-97-g2dd2ca4
     0 | D:1      | 0 ||| qw: Game counter: 4736
     0 | D:1      | 0 ||| qw: Always use a shield: true
     0 | D:1      | 0 ||| qw: God list: Okawaru
     0 | D:1      | 0 ||| qw: Allow faded altars: false
     0 | D:1      | 0 ||| qw: Do Orc after D:15 true
     0 | D:1      | 0 ||| qw: Do second Lair branch before Depths: true
     0 | D:1      | 0 ||| qw: Lair rune preference: random
     0 | D:1      | 0 ||| qw: Plans: Normal
     0 | D:1      | 0 ||| PLANNING D:1-11
   279 | D:1      | Reached XP level 2. HP: 29/29 MP: 2/2
   535 | D:1      | Reached skill level 4 in Unarmed Combat
   644 | D:1      | 644 ||| UPGRADING to ring of poison resistance.
   645 | D:1      | 645 ||| READING 2 scrolls labelled DUIBROCWISS.
   646 | D:1      | 646 ||| READING scroll labelled NYXKU WECWYFEG.
   647 | D:1      | 647 ||| READING scroll labelled TECU GAVVIF.
   648 | D:1      | 648 ||| READING scroll labelled ULEOCA YMEI.
   649 | D:1      | 649 ||| READING scroll labelled SUITWEZERA.
   650 | D:1      | 650 ||| READING scroll labelled JUXE YPNUFO.
   653 | D:1      | 653 ||| DRINKING 2 red potions.
   654 | D:1      | 654 ||| DROPPING scroll of poison.
   655 | D:1      | 655 ||| DROPPING potion of brilliance.
   776 | D:2      | Reached XP level 3. HP: 35/36 MP: 3/3
   867 | D:2      | Identified the +1 ring mail "Ricveroa" {rN++}
  1130 | D:2      | Found Femuez's General Store.
  1153 | D:2      | Found Peghitel's Jewellery Boutique.
  1167 | D:2      | 1167 ||| SHOPLISTING +4 ring of protection (432 gold, have
                  | 109).
  1167 | D:2      | 1167 ||| SHOPLISTING amulet of reflection (360 gold, have
                  | 109).
  1167 | D:2      | 1167 ||| SHOPLISTING amulet of regeneration (360 gold, have
                  | 109).
  1167 | D:2      | 1167 ||| SHOPLISTING ring of ice (300 gold, have 109).
  1489 | D:2      | 1489 ||| DROPPING ring of flight.
  1490 | D:2      | 1490 ||| READING 3 scrolls labelled RUS JIGINEDWOYCU.
  1491 | D:2      | 1491 ||| DRINKING 4 sapphire potions.
  1492 | D:2      | 1492 ||| DROPPING 2 scrolls of vulnerability.
  1583 | D:3      | Reached XP level 4. HP: 44/44 MP: 4/4
  1619 | D:3      | Found a faded altar of an unknown god.
  1623 | D:3      | 1623 ||| Stepping ~*~*~tactically~*~*~ (stealth).
  1628 | D:3      | 1628 ||| Stepping ~*~*~tactically~*~*~ (stealth).
  1629 | D:3      | 1629 ||| Stepping ~*~*~tactically~*~*~ (stealth).
  1630 | D:3      | 1630 ||| Stepping ~*~*~tactically~*~*~ (stealth).
  1631 | D:3      | 1631 ||| Stepping ~*~*~tactically~*~*~ (outnumbered).
  1632 | D:3      | 1632 ||| Stepping ~*~*~tactically~*~*~ (outnumbered).
  1633 | D:3      | 1633 ||| Stepping ~*~*~tactically~*~*~ (outnumbered).
  1634 | D:3      | 1634 ||| Stepping ~*~*~tactically~*~*~ (outnumbered).
  1635 | D:3      | 1635 ||| Stepping ~*~*~tactically~*~*~ (outnumbered).
  1640 | D:3      | Reached skill level 5 in Unarmed Combat
  1684 | D:3      | 1684 ||| Stepping ~*~*~tactically~*~*~ (stealth).
  1703 | D:3      | 1703 ||| INVOKING Fiery Armour.
  1707 | D:3      | 1707 ||| Stepping ~*~*~tactically~*~*~ (outnumbered).
  1708 | D:3      | 1708 ||| Stepping ~*~*~tactically~*~*~ (outnumbered).
  2077 | D:3      | 2077 ||| READING scroll labelled NEAVOZX LOROFA.
  2078 | D:3      | 2078 ||| READING scroll labelled COSIWN QEMYSO.
  2100 | D:3      | 2100 ||| DROPPING potion of berserk rage.
  2132 | D:4      | Noticed a scorpion
  2140 | D:4      | Killed a scorpion
  2141 | D:4      | Reached skill level 6 in Unarmed Combat
  2141 | D:4      | Reached XP level 5. HP: 44/50 MP: 5/5
  2184 | D:4      | Noticed an ogre
  2190 | D:4      | 2190 ||| Stepping ~*~*~tactically~*~*~ (outnumbered).
  2194 | D:4      | Killed an ogre
  2239 | D:4      | 2239 ||| Stepping ~*~*~tactically~*~*~ (stealth).
  2244 | D:4      | 2244 ||| Stepping ~*~*~tactically~*~*~ (stealth).
  2269 | D:4      | Found a shadowy altar of Dithmenos.
  2284 | D:4      | Noticed a phantom
  2297 | D:4      | Killed a phantom
  2298 | D:4      | Reached skill level 7 in Unarmed Combat
  2298 | D:4      | Reached XP level 6. HP: 54/59 MP: 6/6
  2317 | D:4      | Found a staircase to the Ecumenical Temple.
  2344 | D:4      | 2344 ||| Stepping ~*~*~tactically~*~*~ (stealth).
  2428 | D:4      | Found a sacrificial altar of Ru.
  2496 | D:4      | Identified the +6 whip of Darkness {speed, *Noise rF+++
                  | Str+3 Dex+2 SInv}
  2586 | D:4      | 2586 ||| UPGRADING to +4 ring of protection.
  2587 | D:4      | 2587 ||| READING scroll labelled YSOCAULERPH.
  2588 | D:4      | 2588 ||| READING scroll labelled ZUL TACYSIPTA.
  2589 | D:4      | 2589 ||| DRINKING 2 bubbling ruby potions.
  2632 | D:4      | 2632 ||| DRINKING 2 viscous clear potions.
  2632 | D:4      | Gained mutation: You are dopey. (Int -2) [potion of
                  | mutation]
  2632 | D:4      | Gained mutation: You occasionally lose the ability to read
                  | scrolls when taking damage. [potion of mutation]
  2633 | D:4      | 2633 ||| DRINKING potion of mutation.
  2633 | D:4      | Lost mutation: You occasionally lose the ability to read
                  | scrolls when taking damage. [potion of mutation]
  2633 | D:4      | Lost mutation: You are dopey. (Int -2) [potion of mutation]
  2633 | D:4      | Gained mutation: You are clumsy. (Dex -2) [potion of
                  | mutation]
  2634 | D:4      | 2634 ||| READING 2 scrolls of identify.
  2634 | D:4      | 2634 ||| IDENTIFYING fizzy sapphire potion
  2635 | D:4      | 2635 ||| DROPPING potion of lignification.
  2636 | D:4      | 2636 ||| DROPPING potion of invisibility.
  2648 | D:5      | Entered Level 5 of the Dungeon
  2649 | D:5      | Found a hide-covered altar of Uskayaw.
  2658 | D:5      | 2658 ||| Stepping ~*~*~tactically~*~*~ (hiding).
  2850 | D:5      | Reached skill level 8 in Unarmed Combat
  2850 | D:5      | Reached XP level 7. HP: 66/66 MP: 7/7
  2859 | D:5      | 2859 ||| Stepping ~*~*~tactically~*~*~ (stealth).
  2863 | D:5      | 2863 ||| Stepping ~*~*~tactically~*~*~ (stealth).
  2868 | D:5      | 2868 ||| Stepping ~*~*~tactically~*~*~ (outnumbered).
  2896 | D:5      | Reached skill level 3 in Fighting
  2927 | D:5      | 2927 ||| DROPPING orb of energy.
  2928 | D:5      | 2928 ||| READING scroll labelled PIBUK GEOKHLIEXE.
  2929 | D:5      | 2929 ||| DRINKING 2 puce potions.
  2930 | D:5      | 2930 ||| DROPPING potion of attraction.
  2931 | D:5      | 2931 ||| READING 2 scrolls of teleportation.
  3068 | D:5      | 3068 ||| READING 2 scrolls of identify.
  3068 | D:5      | 3068 ||| IDENTIFYING blue potion
  3069 | D:5      | 3069 ||| READING scroll of teleportation.
  3100 | D:5      | 3100 ||| Stepping ~*~*~tactically~*~*~ (stealth).
  3125 | D:5      | 3125 ||| Stepping ~*~*~tactically~*~*~ (stealth).
  3135 | D:5      | Reached skill level 9 in Unarmed Combat
  3152 | D:5      | 3152 ||| DROPPING +6 ring of intelligence.
  3153 | D:5      | 3153 ||| READING scroll labelled CUTSAT VEMEF.
  3154 | D:5      | 3154 ||| DRINKING 2 glowing white potions.
  3155 | D:5      | 3155 ||| Stepping randomly (stuck).
  3156 | D:5      | 3156 ||| Stepping randomly (stuck).
  3160 | D:5      | 3160 ||| DRINKING 2 inky potions.
  3164 | D:5      | Reached skill level 1 in Throwing
  3182 | D:5      | Identified the +10 mace "Zourureu" {freeze, Contam rN+++
                  | Str+4 Int-3}
  3227 | D:5      | Noticed a yak
  3235 | D:5      | Killed a yak
  3236 | D:5      | Reached XP level 8. HP: 68/75 MP: 8/8
  3395 | D:5      | 3395 ||| DROPPING potion of flight.
  3434 | D:6      | 3434 ||| STAIRDANCE
  3448 | D:5      | Reached skill level 10 in Unarmed Combat
  3481 | D:6      | 3481 ||| STAIRDANCE
  3483 | D:5      | 3483 ||| Stepping ~*~*~tactically~*~*~ (outnumbered).
  3484 | D:5      | 3484 ||| Stepping ~*~*~tactically~*~*~ (outnumbered).
  3491 | D:6      | 3491 ||| STAIRDANCE
  3498 | D:6      | 3498 ||| Stepping ~*~*~tactically~*~*~ (hiding).
  3611 | D:6      | 3611 ||| Stepping ~*~*~tactically~*~*~ (hiding).
  3614 | D:6      | 3614 ||| INVOKING Fiery Armour.
  3617 | D:6      | 3617 ||| Stepping ~*~*~tactically~*~*~ (outnumbered).
  3618 | D:6      | 3618 ||| Stepping ~*~*~tactically~*~*~ (outnumbered).
  3619 | D:6      | 3619 ||| Stepping ~*~*~tactically~*~*~ (outnumbered).
  3620 | D:6      | 3620 ||| Stepping ~*~*~tactically~*~*~ (outnumbered).
  3621 | D:6      | 3621 ||| Stepping ~*~*~tactically~*~*~ (outnumbered).
  3622 | D:6      | 3622 ||| Stepping ~*~*~tactically~*~*~ (outnumbered).
  3691 | D:6      | Reached skill level 11 in Unarmed Combat
  3711 | D:6      | Reached XP level 9. HP: 74/84 MP: 9/9
  4081 | D:6      | 4081 ||| READING scroll labelled HOYMUNISME.
  4081 | D:6      | Identified a scroll of acquirement
  4081 | D:6      | 4081 ||| ACQUIRING 521 gold pieces
  4081 | D:6      | Acquired 521 gold pieces
  4083 | D:6      | 4083 ||| READING scroll labelled IQAAMOPL MENU.
  4084 | D:6      | 4084 ||| READING 2 scrolls of identify.
  4084 | D:6      | 4084 ||| IDENTIFYING black potion
  4114 | D:7      | 4114 ||| STAIRDANCE
  4427 | D:7      | 4427 ||| Stepping ~*~*~tactically~*~*~ (outnumbered).
  4543 | D:7      | Found a stormy altar of Qazlal.
  4610 | D:7      | Reached skill level 3 in Throwing
  4646 | D:7      | 4646 ||| Stepping ~*~*~tactically~*~*~ (hiding).
  4655 | D:7      | Reached skill level 12 in Unarmed Combat
  4878 | D:7      | 4878 ||| READING 3 scrolls of identify.
  4878 | D:7      | 4878 ||| IDENTIFYING purple potion
  4879 | D:7      | 4879 ||| DROPPING potion of magic.
  5186 | D:8      | 5186 ||| Stepping ~*~*~tactically~*~*~ (hiding).
  5254 | D:8      | Found an ornate altar of the Wu Jian Council.
  5256 | D:8      | Found a hazy altar of Hepliaklqana.
  5265 | D:8      | Found Wuttaloc's General Store.
  5267 | D:8      | Identified the +2 pair of gloves "Utuvo" {rC+ rN+ Str+4
                  | Stlth+}
  5273 | D:8      | 5273 ||| BUYING scroll of enchant armour (82 gold).
  5273 | D:8      | Bought a scroll of enchant armour for 82 gold pieces
  5273 | D:8      | 5273 ||| BUYING scroll of identify (22 gold).
  5273 | D:8      | Bought a scroll of identify for 22 gold pieces
  5273 | D:8      | 5273 ||| BUYING scroll of teleportation (33 gold).
  5273 | D:8      | Bought a scroll of teleportation for 33 gold pieces
  5877 | D:8      | 5877 ||| DRINKING 2 emerald potions.
  5878 | D:8      | 5878 ||| READING 4 scrolls of identify.
  5878 | D:8      | 5878 ||| IDENTIFYING ruby potion
  5879 | D:8      | 5879 ||| DROPPING potion of degeneration.
  6012 | D:9      | Noticed Grum
  6013 | D:9      | 6013 ||| INVOKING Fiery Armour.
  6014 | D:9      | 6014 ||| Stepping ~*~*~tactically~*~*~ (outnumbered).
  6027 | D:9      | Killed Grum
  6040 | D:9      | 6040 ||| FLEEEEING.
  6041 | D:9      | 6041 ||| FLEEEEING.
  6042 | D:9      | 6042 ||| FLEEEEING.
  6043 | D:9      | 6043 ||| FLEEEEING.
  6044 | D:9      | 6044 ||| FLEEEEING.
  6045 | D:9      | 6045 ||| FLEEEEING.
  6046 | D:9      | 6046 ||| FLEEEEING.
  6047 | D:9      | 6047 ||| FLEEEEING.
  6048 | D:9      | 6048 ||| FLEEEEING.
  6049 | D:9      | 6049 ||| FLEEEEING.
  6050 | D:9      | 6050 ||| FLEEEEING.
  6051 | D:9      | 6051 ||| FLEEEEING.
  6052 | D:9      | 6052 ||| FLEEEEING.
  6053 | D:9      | 6053 ||| FLEEEEING.
  6054 | D:9      | 6054 ||| FLEEEEING.
  6056 | D:9      | 6056 ||| STAIRDANCE
  6094 | D:9      | Reached skill level 13 in Unarmed Combat
  6109 | D:9      | Noticed Joseph
  6113 | D:9      | Reached XP level 10. HP: 96/96 MP: 10/10
  6120 | D:9      | Killed Joseph
  6157 | D:9      | 6157 ||| INVOKING Fiery Armour.
  6240 | D:9      | 6240 ||| Stepping ~*~*~tactically~*~*~ (outnumbered).
  6241 | D:9      | 6241 ||| Stepping ~*~*~tactically~*~*~ (outnumbered).
  6282 | D:9      | 6282 ||| Stepping ~*~*~tactically~*~*~ (stealth).
  6291 | D:9      | Noticed Gastronok
  6307 | D:9      | Killed Gastronok
  6308 | D:9      | Reached skill level 14 in Unarmed Combat
  6365 | D:9      | Found a staircase to the Orcish Mines.
  6592 | D:9      | 6592 ||| UPGRADING to +2 hat.
  6597 | D:9      | 6597 ||| DROPPING ring of ice.
  6598 | D:9      | 6598 ||| READING scroll labelled ERHOTS ROV GEARIA.
  6617 | D:10     | Entered Level 10 of the Dungeon
  6619 | D:10     | 6619 ||| Stepping ~*~*~tactically~*~*~ (hiding).
  6626 | D:10     | Reached skill level 1 in Dodging
  6708 | D:10     | 6708 ||| Stepping ~*~*~tactically~*~*~ (stealth).
  6725 | D:10     | Reached skill level 6 in Fighting
  6729 | D:10     | 6729 ||| Stepping ~*~*~tactically~*~*~ (outnumbered).
  6730 | D:10     | 6730 ||| Stepping ~*~*~tactically~*~*~ (outnumbered).
  6731 | D:10     | 6731 ||| Stepping ~*~*~tactically~*~*~ (outnumbered).
  6732 | D:10     | 6732 ||| Stepping ~*~*~tactically~*~*~ (outnumbered).
  6769 | D:10     | Found a basalt altar of Yredelemnul.
  6772 | D:10     | Noticed a manticore
  6773 | D:10     | 6773 ||| Stepping ~*~*~tactically~*~*~ (hiding).
  6774 | D:10     | 6774 ||| Stepping ~*~*~tactically~*~*~ (stealth).
  6784 | D:10     | Killed a manticore
  6787 | D:10     | Reached skill level 15 in Unarmed Combat
  6788 | D:10     | 6788 ||| INVOKING Fiery Armour.
  6934 | D:10     | Reached XP level 11. HP: 105/105 MP: 11/11
  6934 | D:10     | Found a glowing silver altar of Zin.
  6944 | D:10     | 6944 ||| Stepping ~*~*~tactically~*~*~ (stealth).
  6979 | D:10     | Noticed a centaur warrior
  6980 | D:10     | 6980 ||| Stepping ~*~*~tactically~*~*~ (stealth).
  6990 | D:10     | Killed a centaur warrior
  7114 | D:10     | 7114 ||| FLEEEEING.
  7118 | D:10     | 7118 ||| FLEEEEING.
  7119 | D:10     | 7119 ||| FLEEEEING.
  7123 | D:10     | 7123 ||| FLEEEEING.
  7124 | D:10     | 7124 ||| FLEEEEING.
  7125 | D:10     | 7125 ||| FLEEEEING.
  7455 | D:10     | Noticed a two-headed ogre
  7460 | D:10     | 7460 ||| INVOKING Fiery Armour.
  7461 | D:10     | Killed a two-headed ogre
  7668 | D:10     | 7668 ||| UPGRADING to +0 troll leather armour.
  7678 | D:10     | 7678 ||| DROPPING +0 robe.
  7724 | D:11     | Noticed a death yak
  7725 | D:11     | 7725 ||| INVOKING Fiery Armour.
  7726 | D:11     | Noticed a death yak
  7727 | D:11     | Noticed a death yak
  7733 | D:11     | 7733 ||| Stepping ~*~*~tactically~*~*~ (outnumbered).
  7734 | D:11     | 7734 ||| Stepping ~*~*~tactically~*~*~ (outnumbered).
  7737 | D:11     | 7737 ||| Stepping ~*~*~tactically~*~*~ (outnumbered).
  7738 | D:11     | 7738 ||| Stepping ~*~*~tactically~*~*~ (outnumbered).
  7739 | D:11     | 7739 ||| Stepping ~*~*~tactically~*~*~ (outnumbered).
  7740 | D:11     | 7740 ||| Stepping ~*~*~tactically~*~*~ (outnumbered).
  7741 | D:11     | 7741 ||| Stepping ~*~*~tactically~*~*~ (outnumbered).
  7743 | D:11     | 7743 ||| Stepping ~*~*~tactically~*~*~ (outnumbered).
  7746 | D:11     | 7746 ||| Stepping ~*~*~tactically~*~*~ (outnumbered).
  7747 | D:11     | 7747 ||| Stepping ~*~*~tactically~*~*~ (outnumbered).
  7749 | D:11     | 7749 ||| Stepping ~*~*~tactically~*~*~ (outnumbered).
  7752 | D:11     | Killed a death yak
  7757 | D:11     | 7757 ||| Stepping ~*~*~tactically~*~*~ (outnumbered).
  7758 | D:11     | Killed a death yak
  7765 | D:11     | Killed a death yak
  7896 | D:11     | Reached skill level 16 in Unarmed Combat
  8021 | D:11     | Found a staircase to the Lair.
  8088 | D:11     | Noticed a six-headed hydra
  8089 | D:11     | 8089 ||| INVOKING Fiery Armour.
  8095 | D:11     | Killed an eight-headed hydra
  8135 | D:11     | 8135 ||| Stepping ~*~*~tactically~*~*~ (hiding).
  8138 | D:11     | 8138 ||| Stepping ~*~*~tactically~*~*~ (hiding).
  8249 | D:11     | 8249 ||| Stepping ~*~*~tactically~*~*~ (outnumbered).
  8250 | D:11     | 8250 ||| Stepping ~*~*~tactically~*~*~ (outnumbered).
  8251 | D:11     | 8251 ||| Stepping ~*~*~tactically~*~*~ (outnumbered).
  8252 | D:11     | 8252 ||| Stepping ~*~*~tactically~*~*~ (outnumbered).
  8253 | D:11     | 8253 ||| Stepping ~*~*~tactically~*~*~ (outnumbered).
  8254 | D:11     | 8254 ||| Stepping ~*~*~tactically~*~*~ (outnumbered).
  8255 | D:11     | 8255 ||| Stepping ~*~*~tactically~*~*~ (outnumbered).
  8634 | D:11     | 8634 ||| DRINKING 6 potions of curing.
  8634 | D:11     | 8634 ||| (to cure confusion)
  8670 | D:11     | 8670 ||| PLANNING LAIR
  8670 | D:11     | 8670 ||| READING 7 scrolls of identify.
  8670 | D:11     | 8670 ||| IDENTIFYING lumpy purple potion
  8671 | D:11     | 8671 ||| DROPPING potion of ambrosia.
  8697 | Lair:1   | Entered Level 1 of the Lair of Beasts
  8698 | Lair:1   | 8698 ||| PLANNING GAUNTLET
  8700 | Lair:1   | Found a gate leading to a gauntlet.
  8715 | Gauntlet | Entered a Gauntlet
  8715 | Gauntlet | Found a transporter.
  8715 | Gauntlet | Found a transporter.
  8728 | Gauntlet | Found a transporter.
  8744 | Gauntlet | Noticed a fire crab
  8744 | Gauntlet | Found the +1 cloak of Starlight {*Dazzle EV+4 Stlth--}
  8744 | Gauntlet | Found the ring of the Hare {EV+8}
  8745 | Gauntlet | Found a transporter.
  8745 | Gauntlet | Found a transporter.
  8745 | Gauntlet | Found a transporter.
  8747 | Gauntlet | Found a transporter.
  8747 | Gauntlet | Found a transporter.
  8749 | Gauntlet | Noticed a hell hog
  8750 | Gauntlet | Noticed a quicksilver ooze
  8762 | Gauntlet | Found a transporter.
  8775 | Gauntlet | Found a runed translucent gate.
  8776 | Gauntlet | Found a transporter.
  8776 | Gauntlet | Found a runed translucent gate.
  8777 | Gauntlet | Found a runed translucent gate.
  8784 | Gauntlet | Noticed a wretched star
  8785 | Gauntlet | Found a transporter.
  8789 | Gauntlet | Found a runed translucent door.
  8803 | Gauntlet | Found a transporter.
  8820 | Gauntlet | Found a transporter.
  8835 | Gauntlet | Found a transporter.
  8913 | Gauntlet | Killed a fire crab
  8916 | Gauntlet | 8916 ||| INVOKING Fiery Armour.
  8968 | Gauntlet | 8968 ||| UPGRADING to ring of the Hare {EV+8}.
  8970 | Gauntlet | 8970 ||| DROPPING +6 ring of strength.
  8971 | Gauntlet | 8971 ||| UPGRADING to ring of poison resistance.
  9009 | Gauntlet | Killed a hell hog
  9037 | Gauntlet | Identified the +4 pair of boots "Tevvoy" {*Corrode Fly rF+
                  | SInv}
  9038 | Gauntlet | Identified the +2 sling of Youthful Indiscretion {freeze,
                  | *Corrode rElec Will+ Dex+3}
  9047 | Gauntlet | Noticed a minotaur
  9048 | Gauntlet | 9048 ||| Stepping ~*~*~tactically~*~*~ (stealth).
  9050 | Gauntlet | 9050 ||| Stepping ~*~*~tactically~*~*~ (stealth).
  9056 | Gauntlet | Found the +3 pair of gauntlets of War {Slay+5}
  9057 | Gauntlet | 9057 ||| Stepping ~*~*~tactically~*~*~ (hiding).
  9061 | Gauntlet | 9061 ||| INVOKING Fiery Armour.
  9068 | Gauntlet | HP: 27/109 [minotaur/+2 vampiric glaive (15)]
  9069 | Gauntlet | 9069 ||| DRINKING 3 potions of heal wounds.
  9071 | Gauntlet | 9071 ||| DRINKING 2 potions of heal wounds.
  9072 | Gauntlet | Killed a minotaur
  9073 | Gauntlet | Reached skill level 17 in Unarmed Combat
  9073 | Gauntlet | Reached XP level 12. HP: 51/118 MP: 12/12
  9115 | Gauntlet | Identified the +1 scale mail of the Tortured Bull {rF+}
  9135 | Gauntlet | 9135 ||| UPGRADING to +0 gold dragon scales.
  9145 | Gauntlet | 9145 ||| REMOVING ring of poison resistance.
  9146 | Gauntlet | 9146 ||| DROPPING +0 troll leather armour.
  9147 | Gauntlet | 9147 ||| READING 3 scrolls of enchant armour.
  9147 | Gauntlet | 9147 ||| ENCHANTING +0 gold dragon scales.
  9148 | Gauntlet | 9148 ||| READING 2 scrolls of enchant armour.
  9148 | Gauntlet | 9148 ||| ENCHANTING +1 gold dragon scales.
  9149 | Gauntlet | 9149 ||| DROPPING +0 storm dragon scales.
  9150 | Gauntlet | 9150 ||| READING scroll of enchant armour.
  9150 | Gauntlet | 9150 ||| ENCHANTING +2 gold dragon scales.
  9151 | Gauntlet | 9151 ||| UPGRADING to +6 ring of dexterity.
  9166 | Lair:1   | 9166 ||| PLANNING LAIR
  9176 | Lair:1   | Identified the +9 quarterstaff "Naif" {spect, rElec rCorr
                  | Int+2}
  9223 | Lair:1   | 9223 ||| Stepping ~*~*~tactically~*~*~ (outnumbered).
  9224 | Lair:1   | 9224 ||| Stepping ~*~*~tactically~*~*~ (outnumbered).
  9225 | Lair:1   | 9225 ||| Stepping ~*~*~tactically~*~*~ (outnumbered).
  9226 | Lair:1   | 9226 ||| Stepping ~*~*~tactically~*~*~ (outnumbered).
  9239 | Lair:1   | 9239 ||| INVOKING Fiery Armour.
  9244 | Lair:1   | Reached skill level 3 in Armour
  9595 | Lair:1   | 9595 ||| Stepping ~*~*~tactically~*~*~ (stealth).
  9655 | Lair:1   | Reached skill level 6 in Armour
  9721 | Lair:1   | 9721 ||| Stepping ~*~*~tactically~*~*~ (hiding).
  9811 | Lair:1   | 9811 ||| Stepping ~*~*~tactically~*~*~ (stealth).
  9818 | Lair:1   | 9818 ||| Stepping ~*~*~tactically~*~*~ (outnumbered).
  9868 | Lair:1   | 9868 ||| Stepping ~*~*~tactically~*~*~ (stealth).
  9903 | Lair:1   | 9903 ||| INVOKING Fiery Armour.
  9912 | Lair:1   | 9912 ||| Stepping ~*~*~tactically~*~*~ (outnumbered).
  9913 | Lair:1   | 9913 ||| Stepping ~*~*~tactically~*~*~ (outnumbered).
  9914 | Lair:1   | 9914 ||| Stepping ~*~*~tactically~*~*~ (outnumbered).
  9915 | Lair:1   | 9915 ||| Stepping ~*~*~tactically~*~*~ (outnumbered).
  9917 | Lair:1   | 9917 ||| Stepping ~*~*~tactically~*~*~ (outnumbered).
  9918 | Lair:1   | 9918 ||| Stepping ~*~*~tactically~*~*~ (outnumbered).
 10213 | Lair:2   | 10213 ||| Stepping ~*~*~tactically~*~*~ (stealth).
 10214 | Lair:2   | 10214 ||| Stepping ~*~*~tactically~*~*~ (stealth).
 10229 | Lair:2   | Noticed Prince Ribbit
 10235 | Lair:2   | Killed Prince Ribbit
 10411 | Lair:2   | 10411 ||| Stepping ~*~*~tactically~*~*~ (stealth).
 10429 | Lair:2   | 10429 ||| Stepping ~*~*~tactically~*~*~ (stealth).
 10430 | Lair:2   | 10430 ||| Stepping ~*~*~tactically~*~*~ (stealth).
 10431 | Lair:2   | 10431 ||| Stepping ~*~*~tactically~*~*~ (stealth).
 10432 | Lair:2   | 10432 ||| Stepping ~*~*~tactically~*~*~ (stealth).
 10432 | Lair:2   | You fall into a shaft and drop 2 floors!
 10442 | Lair:4   | Noticed a six-headed hydra
 10446 | Lair:4   | Noticed a catoblepas
 10447 | Lair:4   | 10447 ||| Stepping ~*~*~tactically~*~*~ (stealth).
 10447 | Lair:4   | Noticed a death yak
 10455 | Lair:4   | 10455 ||| Stepping ~*~*~tactically~*~*~ (outnumbered).
 10456 | Lair:4   | 10456 ||| Stepping ~*~*~tactically~*~*~ (outnumbered).
 10457 | Lair:4   | 10457 ||| Stepping ~*~*~tactically~*~*~ (outnumbered).
 10465 | Lair:4   | Killed a death yak
 10467 | Lair:4   | HP: 27/118 [13-headed hydra (9)]
 10467 | Lair:4   | HP: 13/118 [13-headed hydra (7)]
 10468 | Lair:4   | 10468 ||| READING 5 scrolls of teleportation.
 10468 | Lair:4   | HP: 5/118 [13-headed hydra (4)]
 10468 | Lair:4   | Slain by a 13-headed hydra

Levels and vault maps discovered:
D:1:      dpeg_arrival_arbitrary_a, layout_basic, wad_floor_pattern_untrapped
D:2:      layout_loops_ring, serial_shops, shop, shop,
          kennysheep_cross_bottleneck, serial_bayou_pond_a
D:3:      layout_rooms, dreamdust_ecumenical_altar_statues
D:4:      layout_basic, nicolae_overflow_crystal_walls,
          nicolae_ru_great_annihilating_truth, minmay_temple_entry_glassed_door,
          serial_glass, glass_columns_c, glass_columns_a, st_stairs_6,
          minmay_misc_feat_enclosed
D:5:      layout_rooms, eat_drink_and_be_merry_uskayaw, serial_aquarium,
          aquarium_bridge_island_small [aquarium_subvault_small_open,
          aquarium_subvault_window, aquarium_subvault_bridge,
          aquarium_subvault_bridge, aquarium_subvault_bridge],
          aquarium_window_corridor_3, aquarium_window_fake,
          aquarium_window_fake, aquarium_window_2, aquarium_view_2d,
          aquarium_view_2e, hangedman_decor_lopped, dk_noncrumbling_2,
          minmay_checkerbox
D:6:      layout_cave_pools, roderic_malta_cross
D:7:      layout_gridville, nicolae_qazlal_eye_of_the_storm
D:8:      layout_basic, mainiacjoe_overflow_large_starburst, serial_shops, shop,
          chequers_serial_rivers_micro_d
D:9:      layout_gridville, orc_0_dummy, serial_glass, glass_columns_a,
          glass_columns_a, glass_columns_b, glass_columns_a, glass_columns_a,
          glass_columns_a, glass_columns_a, glass_columns_a,
          eino_small_chamber_without_monster, uniq_grum, uniq_joseph,
          uniq_gastronok
D:10:     layout_basic, mainiacjoe_overflow_brackets, lemuel_crystal_altar,
          lightli_fourway_metalbox
D:11:     layout_grid_maze, dpeg_lair_monsters
Lair:1:   kb_forest_paths, layout_chaotic_city, gauntlet_entry_generic
Lair:2:   layout_cave_pods, nicolae_quartered_pool_super, st_stairs_13,
          serial_bayou_shore_a, grunt_megastairs_5, uniq_prince_ribbit2,
          uniq_harold
Lair:4:   layout_misc_corridors, slime_entry_2, ebering_ghost_funeral_grove

Skill      XL: |  1  2  3  4  5  6  7  8  9 10 11 12 |
---------------+-------------------------------------+-----
Unarmed Combat | 4 6 7 8 9 11 13 15 17 | 17.7
Fighting       | 3 4 5 6 7 |  7.0
Throwing       | 1 2 3 4 5 |  5.0
Dodging        | 1 2 |  2.1
Armour         | 2 7 |  7.0
Spellcasting   | |  1.0
Fire Magic     | |  2.1

Action                   |  1- 3 |  4- 6 |  7- 9 | 10-12 || total
-------------------------+-------+-------+-------+-------++-------
Melee: Unarmed           |   109 |    73 |   201 |   410 ||   793
       Punch             |     2 |     3 |     7 |    36 ||    48
Throw: Boomerang         |       |    12 |    13 |       ||    25
       Javelin           |       |     3 |    42 |    67 ||   112
Invok: Fiery Armour      |       |     1 |     2 |     9 ||    12
  Use: Scroll            |     7 |     5 |    10 |     6 ||    28
       Potion            |     2 |     3 |     4 |     3 ||    12
Armor: Robe              |    42 |    23 |    99 |    37 ||   201
       Troll leather arm |       |       |       |    56 ||    56
       Gold dragon scale |       |       |       |   109 ||   109
Dodge: Dodged            |    41 |    24 |    97 |   216 ||   378

Table legend:
 A = Non-vault XP
 B = Vault XP
 C = Vault XP percentage of total XP
 D = Non-vault monster count
 E = Vault monster count
 F = Vault count percentage of total count
                 A         B        C        D         E       F
            +---------+---------+-------+---------+---------+-------
      Total |   22725 |   14621 |  39.2 |     219 |      56 |  20.4
            +---------+---------+-------+---------+---------+-------
        D:1 |      29 |       0 |   0.0 |      18 |       0 |   0.0
        D:2 |      67 |       0 |   0.0 |      26 |       0 |   0.0
        D:3 |      77 |       0 |   0.0 |      16 |       0 |   0.0
        D:4 |     329 |     101 |  23.5 |      12 |       5 |  29.4
        D:5 |     846 |     452 |  34.8 |      21 |       5 |  19.2
        D:6 |    1407 |       0 |   0.0 |      27 |       0 |   0.0
        D:7 |     762 |       0 |   0.0 |       8 |       0 |   0.0
        D:8 |     331 |       0 |   0.0 |       4 |       0 |   0.0
        D:9 |    1251 |    2476 |  66.4 |      17 |       6 |  26.1
       D:10 |    4011 |    1015 |  20.2 |      16 |       4 |  20.0
       D:11 |    2472 |    2464 |  49.9 |      11 |       5 |  31.2
     Lair:1 |    8064 |    2710 |  25.2 |      32 |      14 |  30.4
     Lair:2 |    2085 |    1320 |  38.8 |       9 |       5 |  35.7
     Lair:4 |     994 |       0 |   0.0 |       2 |       0 |   0.0
   Gauntlet |       0 |    4083 | 100.0 |       0 |      12 | 100.0
            +---------+---------+-------+---------+---------+-------
